 Dungeon Crawl Stone Soup version 0.25.1-8-g42b30a86e7 (webtiles) character file.

Game seed: 11529722208653823090

37907 gruber the Destroyer (level 13, -13/71 HPs)
             Began as an Octopode Venom Mage on Dec 15, 2020.
             Was a High Priest of Vehumet.
             Mangled by a seven-headed hydra (16 damage)
             ... on level 5 of the Lair of Beasts.
             The game lasted 00:38:09 (23571 turns).

gruber the Destroyer (Octopode Venom Mage)         Turns: 23571, Time: 00:38:09

Health: -13/71     AC:  1    Str: 16    XL:     13   Next: 99%
Magic:  5/26       EV: 14    Int: 21    God:    Vehumet [*****.]
Gold:   1080       SH:  0    Dex: 19    Spells: 1/30 levels left

rFire    x . .     SeeInvis .   G - +1 short sword (venom)
rCold    + . .     Gourm    .   (no shield)
rNeg     . . .     Faith    .   (helmet restricted)
rPois    .         Spirit   .   R - amulet "Herghu" {MR+ Regen+ Str+2 Dex+4}
rElec    .         Reflect  .   B - +6 ring of dexterity
rCorr    .         Harm     .   D - ring of ice
MR       +....                  H - -4 ring of dexterity (curse)
Stlth    ++++......             P - +6 ring of strength
HPRegen  0.61/turn              (no ring)
MPRegen  0.20/turn              (no ring)
                                (no ring)
                                (no ring)

@: no status effects
A: almost no armour, stealthy swim, amphibious, 8 rings, constrict 8, camouflage
1, gelatinous body 1
a: Renounce Religion


You were on level 5 of the Lair of Beasts.
You worshipped Vehumet.
Vehumet was extremely pleased with you.
You were not hungry.

You visited 3 branches of the dungeon, and saw 18 of its levels.

You collected 1080 gold pieces.

Inventory:

Hand Weapons
 G - a +1 short sword of venom (weapon)
Missiles
 t - 13 javelins (quivered)
 O - 8 curare-tipped darts
Jewellery
 A - an uncursed amulet of guardian spirit {unknown}
 B - a +6 ring of dexterity (left tentacle)
 D - a ring of ice (right tentacle)
 H - a cursed -4 ring of dexterity (on tentacle)
 P - a +6 ring of strength (on tentacle)
 R - the amulet "Herghu" (around mantle) {MR+ Regen+ Str+2 Dex+4}
   (You found it on level 3 of the Lair of Beasts)

   [amulet of regeneration]

   It affects your strength (+2).
   It affects your dexterity (+4).
   It affects your resistance to hostile enchantments.
   It increases your rate of regeneration.
 U - a +6 ring of strength
Wands
 a - a wand of flame (6)
 v - a wand of acid (1)
 w - a wand of random effects (38)
 y - a wand of digging (3)
 J - a wand of paralysis (4)
 K - a wand of polymorph (14)
 L - a wand of iceblast (5)
 Q - a wand of clouds (5)
Scrolls
 d - 4 scrolls of blinking {unknown}
 f - 7 scrolls of enchant armour {unknown}
 g - 7 scrolls of identify
 i - a scroll of acquirement {unknown}
 j - 2 scrolls of magic mapping {unknown}
 k - 9 scrolls of remove curse {unknown}
 n - 4 scrolls of enchant weapon {unknown}
 r - 9 scrolls of amnesia
 x - 7 scrolls of teleportation
 C - a scroll of random uselessness {unknown}
 E - 2 scrolls of noise {unknown}
 F - 3 scrolls of fog {unknown}
 I - 2 scrolls of immolation {unknown}
 M - a scroll of silence {unknown}
 S - a scroll of fear {unknown}
 T - a scroll of vulnerability {unknown}
Potions
 c - 2 potions of lignification
 e - a potion of resistance
 h - a potion of haste
 l - 5 potions of curing
 m - a potion of berserk rage
 o - 2 potions of stabbing
 p - 2 potions of magic
 q - 4 potions of brilliance
 s - a potion of mutation
 u - 3 potions of heal wounds
 z - 3 potions of flight
 N - 5 potions of might
 V - 2 potions of cancellation {unknown}
Comestibles
 b - 31 rations
 W - a chunk of flesh


   Skills:
 - Level 2.0 Dodging
 - Level 2.6 Stealth
 - Level 9.0 Spellcasting
 - Level 12.7 Conjurations
 - Level 5.3 Translocations
 - Level 1.0 Transmutations
 * Level 8.3 Fire Magic
 - Level 10.1 Ice Magic
 - Level 3.4 Air Magic
 - Level 12.0 Poison Magic
 - Level 2.0 Evocations


You had one spell level left.
You knew the following spells:

 Your Spells              Type           Power        Failure   Level  Hunger
a - Sting                 Tmut/Pois      ####         1%          1    None
b - Mephitic Cloud        Conj/Pois/Air  #####...     1%          3    None
c - Ignite Poison         Fire/Tmut/Pois #####...     1%          3    None
d - Olgreb's Toxic Radia  Pois           ######..     1%          4    ##.....
e - Dazzling Flash        Conj/Hex       #####.       1%          3    None
f - Frozen Ramparts       Ice            ######       1%          3    None
g - Blink                 Tloc           N/A          1%          2    None
h - Borgnjor's Vile Clut  Necr/Erth      #.........   89%         5    #####..
i - Fireball              Conj/Fire      ######....   1%          5    #####..

Your spell library contained the following spells:

 Spells                   Type           Power        Failure   Level  Hunger
 Airstrike                Air            ###.......   4%          4    ##.....
 Freeze                   Ice            ####         1%          1    None
 Magic Dart               Conj           ####         1%          1    None
 Corona                   Hex            #......      7%          1    None
 Poisonous Vapours        Pois/Air       #####.       1%          2    None
 Conjure Flame            Conj/Fire      ######..     1%          3    None
 Inner Flame              Hex/Fire       ####....     1%          3    None
 Hailstorm                Conj/Ice       ######..     1%          4    ##.....
 Ozocubu's Armour         Chrm/Ice       #####...     2%          3    None
 Portal Projectile        Hex/Tloc       ###...       8%          3    None
 Recall                   Summ/Tloc      N/A          8%          3    None
 Summon Ice Beast         Ice/Summ       #####...     9%          4    ##.....
 Call Imp                 Summ           #.......     11%         2    None
 Slow                     Hex            #.......     11%         2    None
 Animate Dead             Necr           N/A          56%         4    ##.....
 Cause Fear               Hex            #.........   56%         4    ##.....
 Leda's Liquefaction      Hex/Erth       #.........   56%         4    ##.....
 Simulacrum               Ice/Necr       #####.....   80%         6    ######.
 Death Channel            Necr           #.........   100%        6    ######.


Dungeon Overview and Level Annotations

Branches:
Dungeon (12/15)            Temple (1/1) D:4            Lair (5/6) D:11
 Shoals (0/4) Lair:4       Spider (0/4) Lair:4        Slime (0/5) Lair:5
    Orc (0/2) D:9

Altars:
Ashenzari
Cheibriados
Elyvilon
Hepliaklqana
Okawaru
Qazlal
Sif Muna
Trog
Vehumet
Xom
Yredelemnul
Zin
The Shining One

Shops:
D:7 *

Annotations:
Lair:5 exclusion: 4 oklob plants


Innate Abilities, Weirdness & Mutations

You cannot wear most types of armour.
You are very stealthy in the water. (Stealth+)
You are amphibious.
You can wear up to eight rings at the same time.
You can use your tentacles to constrict eight enemies at once.
Your skin changes colour to match your surroundings (Stealth+).
Your rubbery body absorbs attacks. (AC +1, EV +1)


Message History

You are engulfed in a cloud of scalding steam.
The seven-headed hydra is engulfed in a cloud of scalding steam.
The seven-headed hydra bites you! The seven-headed hydra bites you.
The seven-headed hydra misses you. x2; The seven-headed hydra bites you!
The seven-headed hydra closely misses you.
The seven-headed hydra bites you!
Unknown command.
Casting: Blink (safe; 1% risk of failure)
Confirm with . or Enter, or press ? or * to list all spells.
You blink.
Floosh!
The seven-headed hydra is engulfed in a cloud of scalding steam.
The seven-headed hydra bites you.
* * * LOW HITPOINT WARNING * * *
The seven-headed hydra bites you!
* * * LOW HITPOINT WARNING * * *
The seven-headed hydra bites you!
* * * LOW HITPOINT WARNING * * *
The seven-headed hydra bites you!
You die...

#...#..≈#≈≈≈≈≈..≈####
#...+...........≈'≈≈#
##..#..≈#≈≈≈≈.≈..#≈≈#
#...#.≈≈#≈≈≈≈.#####§#
##...####≈≈≈≈≈#.≈#.†#
##.....≈≈≈≈≈.≈#≈≈≈≈.#
#......≈≈≈≈≈.≈#####'#
#.....P≈≈≈≈≈..#.§.§.#
#....P≈≈≈≈≈≈..#@D§.≈#
#.....≈≈≈≈≈≈..#≈.§≈.#
##....P≈≈≈≈≈####.P≈≈§#
#......≈≈≈≈≈# #..≈P.#
##....P≈≈≈≈≈#![.≈P≈≈P#
#.####≈≈≈≈≈##########
### #######


You could see a seven-headed hydra.

Vanquished Creatures
  5 hydras
  3 two-headed ogres
  Sonja (Lair:3)
  An unseen horror (D:11)
  An ugly thing (D:11)
  2 manticores (D:11)
  2 black mambas
  A merfolk siren (Lair:4)
  A gargoyle (D:11)
  11 spiny frogs
  2 rime drakes
  6 komodo dragons
  2 kobold demonologists (D:11)
  7 trolls
  3 merfolk (Lair:4)
  A hornet (D:6)
  A polar bear (Lair:4)
  Grinder (D:3)
  13 blink frogs (Lair:5)
  12 hippogriffs
  A slime creature (Lair:5)
  Sigmund (D:6)
  A spriggan (D:7)
  A wraith (D:12)
  25 yaks
  A wyvern (Lair:2)
  A steam dragon (D:11)
  A basilisk (Lair:3)
  2 hungry ghosts
  A soldier ant (D:12)
  10 water moccasins
  A floating eye (Lair:5)
  11 porcupines
  4 sky beasts
  4 orc warriors
  A black bear (Lair:1)
  An ice beast (D:4)
  3 phantoms
  6 centaurs
  6 necrophages (Lair:3)
  16 wolves
  An eye of draining (D:10)
  5 ogres
  11 crocodiles
  11 bullfrogs
  3 big kobolds (D:11)
  A water moccasin zombie (D:12)
  7 scorpions
  A wyvern skeleton (D:12)
  2 electric eels
  6 wights
  5 howler monkeys
  10 crimson imps
  A centaur zombie (D:11)
  8 jellies
  5 hounds
  11 orc wizards
  2 bullfrog skeletons
  2 centaur skeletons
  7 orc priests
  Jessica (D:3)
  3 iguanas
  Ijyb (D:5)
  Terence (D:3)
  11 worker ants
  2 killer bee zombies
  Robin (D:2)
  4 gnolls
  9 adders
  2 shadow imps
  3 oozes
  2 adder skeletons
  4 worms
  A dart slug (D:3)
  4 leopard geckos
  30 orcs
  A ball python (D:5)
  4 giant cockroaches
  15 goblins
  9 hobgoblins
  10 jackals
  6 quokkas
  A ball python skeleton (D:4)
  9 bats
  9 frilled lizards
  12 kobolds
  2 quokka skeletons (D:5)
  A quokka zombie (D:7)
  9 rats
  2 fungi
442 creatures vanquished.

Vanquished Creatures (others)
  22 fungi
  14 plants
36 creatures vanquished.

Grand Total: 478 creatures vanquished

Notes
Turn   | Place    | Note
-------+----------+-------------------------------------------
     0 | D:1      | gruber the Octopode Venom Mage began the quest for the Orb.
     0 | D:1      | Reached XP level 1. HP: 11/11 MP: 3/3
   247 | D:1      | Reached XP level 2. HP: 8/17 MP: 1/5
   501 | D:1      | Reached XP level 3. HP: 7/21 MP: 1/6
   722 | D:1      | Reached skill level 5 in Poison Magic
  1205 | D:1      | Learned a level 3 spell: Mephitic Cloud
  1484 | D:2      | Reached XP level 4. HP: 22/27 MP: 3/7
  2207 | D:3      | Noticed Grinder
  2454 | D:3      | Learned a level 3 spell: Ignite Poison
  2495 | D:3      | Noticed Robin
  2825 | D:2      | Reached XP level 5. HP: 27/31 MP: 4/8
  2849 | D:2      | Killed Robin
  3360 | D:3      | Noticed Terence
  3373 | D:3      | Killed Terence
  3383 | D:3      | Noticed Jessica
  3393 | D:3      | Killed Jessica
  3491 | D:3      | Reached skill level 1 in Conjurations
  3513 | D:3      | Found a glowing silver altar of Zin.
  3516 | D:3      | Found an iron altar of Okawaru.
  3535 | D:3      | Reached skill level 1 in Air Magic
  3566 | D:3      | Found a glowing golden altar of the Shining One.
  3830 | D:3      | Paralysed by Grinder for 2 turns
  3835 | D:3      | Killed Grinder
  3835 | D:3      | Reached skill level 1 in Evocations
  3835 | D:3      | Reached XP level 6. HP: 7/36 MP: 2/9
  4158 | D:4      | Found a basalt altar of Yredelemnul.
  4515 | D:4      | Noticed an ice beast
  4541 | D:4      | Killed an ice beast
  4541 | D:4      | Reached XP level 7. HP: 15/41 MP: 3/10
  4544 | D:4      | HP: 2/41 [adder (4)]
  4550 | D:4      | HP: 2/61 [poisoned by an adder]
  4558 | D:4      | HP: 1/61 [poisoned by an adder]
  4929 | D:4      | Found a staircase to the Ecumenical Temple.
  4957 | D:4      | Reached skill level 1 in Fire Magic
  5807 | D:5      | Entered Level 5 of the Dungeon
  5843 | D:5      | Noticed Ijyb
  5866 | D:5      | Killed Ijyb
  5993 | D:5      | Learned a level 4 spell: Olgreb's Toxic Radiance
  6040 | D:5      | Reached XP level 8. HP: 42/46 MP: 13/13
  6516 | D:5      | Found a shimmering altar of Xom.
  6565 | D:5      | Reached skill level 5 in Spellcasting
  7422 | D:6      | Reached XP level 9. HP: 51/51 MP: 12/20
  7517 | D:6      | Noticed a two-headed ogre
  7522 | D:6      | Killed a two-headed ogre
  7801 | D:6      | Noticed Sigmund
  7804 | D:6      | Killed Sigmund
  8165 | Temple   | Entered the Ecumenical Temple
  8236 | Temple   | Became a worshipper of Vehumet
  8487 | D:6      | Noticed a hornet
  8490 | D:6      | Killed a hornet
  8808 | D:7      | Reached skill level 10 in Poison Magic
  8808 | D:7      | Reached XP level 10. HP: 56/56 MP: 7/23
  9457 | D:7      | Found Vixt's Lightly-Used Armoury.
  9752 | D:8      | Reached * piety under Vehumet
  9752 | D:8      | Offered knowledge of Sandblast by Vehumet.
 10484 | D:9      | Reached skill level 5 in Conjurations
 10552 | D:9      | Found a staircase to the Orcish Mines.
 10976 | D:9      | Reached ** piety under Vehumet
 10976 | D:9      | Offered knowledge of Magic Dart by Vehumet.
 11496 | D:9      | Reached XP level 11. HP: 61/61 MP: 18/24
 11623 | D:10     | Entered Level 10 of the Dungeon
 12884 | D:11     | Offered knowledge of Dazzling Flash by Vehumet.
 12888 | D:11     | Noticed a white ugly thing
 12900 | D:11     | Killed a white ugly thing
 13223 | D:11     | Noticed a two-headed ogre
 13233 | D:11     | Killed a two-headed ogre
 13233 | D:11     | Reached skill level 10 in Conjurations
 13519 | D:11     | Noticed a six-headed hydra
 13640 | D:11     | Killed an unseen horror
 13754 | D:11     | Noticed a manticore
 13757 | D:11     | Killed a manticore
 13860 | D:11     | Reached *** piety under Vehumet
 13899 | D:11     | Noticed a two-headed ogre
 13908 | D:11     | Killed a two-headed ogre
 13938 | D:11     | Learned a level 3 spell: Dazzling Flash
 14355 | D:11     | Found a staircase to the Lair.
 14590 | D:11     | Reached XP level 12. HP: 61/66 MP: 16/25
 14595 | D:11     | Offered knowledge of Frozen Ramparts by Vehumet.
 15025 | D:11     | Killed a six-headed hydra
 15245 | D:11     | Learned a level 3 spell: Frozen Ramparts
 15392 | D:12     | Reached skill level 1 in Ice Magic
 16113 | D:12     | Got a pitted emerald amulet
 16115 | D:12     | Identified the amulet of Ebbushruw {Inacc *Slow rElec rPois
                  | Str+10} (You found it on level 12 of the Dungeon)
 16255 | D:12     | Found the +8 mithril axe "Arga" {speed, MR+}
 16255 | D:12     | Noticed a tengu warrior
 16264 | D:12     | Noticed a tengu warrior
 16264 | D:12     | Noticed a centaur warrior
 16265 | D:12     | Noticed a centaur warrior
 16917 | Lair:1   | Entered Level 1 of the Lair of Beasts
 17293 | Lair:1   | Reached skill level 5 in Ice Magic
 17424 | Lair:1   | Learned a level 2 spell: Blink
 17773 | Lair:1   | Noticed a six-headed hydra
 17782 | Lair:1   | Killed a six-headed hydra
 18023 | Lair:1   | Noticed an eight-headed hydra
 18033 | Lair:1   | Killed an eight-headed hydra
 18576 | Lair:2   | Reached **** piety under Vehumet
 18750 | Lair:2   | Offered knowledge of Fireball by Vehumet.
 19295 | Lair:3   | Reached XP level 13. HP: 71/71 MP: 22/26
 19535 | Lair:3   | Noticed Sonja
 19538 | Lair:3   | Killed Sonja
 19538 | Lair:3   | Reached skill level 10 in Ice Magic
 19669 | Lair:3   | Reached skill level 1 in Translocations
 20153 | Lair:3   | Got a glittering ruby amulet
 20154 | Lair:3   | Identified the amulet "Herghu" {MR+ Regen+ Str+2 Dex+4}
                  | (You found it on level 3 of the Lair of Beasts)
 20416 | Lair:4   | Learned a level 5 spell: Borgnjor's Vile Clutch
 20515 | Lair:4   | Learned a level 5 spell: Fireball
 20821 | Lair:4   | HP: 1/70 [eight-headed hydra (11)]
 20823 | Lair:4   | Reached skill level 5 in Translocations
 21642 | Lair:4   | Reached ***** piety under Vehumet
 21686 | Lair:4   | Found a staircase to the Shoals.
 21738 | Lair:4   | Found a hole to the Spider Nest.
 22085 | Lair:5   | Offered knowledge of Airstrike by Vehumet.
 22156 | Lair:5   | Reached skill level 5 in Fire Magic
 22542 | Lair:5   | Paralysed by a floating eye for 3 turns
 22900 | Lair:5   | Found a staircase to the Slime Pits.
 23571 | Lair:5   | HP: 3/71 [seven-headed hydra (11)]
 23571 | Lair:5   | Mangled by a seven-headed hydra

Illustrated notes

Levels and vault maps discovered:
D:1:      minmay_arrival_hallway, layout_rooms
D:2:      layout_rooms
D:3:      layout_loops_cross, gammafunk_temple_overflow_forgotten, first_ration,
          serial_park_tiny_2, st_stairs_3, uniq_robin, uniq_grinder,
          uniq_jessica, uniq_terence
D:4:      layout_loops_ring, yredelemnul_altar_generic,
          minmay_temple_entry_glassed_door
D:5:      layout_loops_ring, led_xom_imps, uniq_ijyb
D:6:      layout_gridville, uniq_sigmund
D:7:      layout_loops_ring, the_bakery, minmay_shop_damaged,
          minmay_diced_spiral
D:8:      layout_gridville
D:9:      layout_loops_ring, orc_0_dummy
D:10:     layout_basic
D:11:     layout_loops_ring, grunt_lair_entry_orc_guard_hut
D:12:     layout_stronghold, minivault_12
Temple:   dpeg_five_rooms_temple
Lair:1:   layout_loops_ring, grunt_megastairs_3
Lair:2:   layout_chaotic_city, gauntlet_entry_generic,
          grunt_forest_small_clearing_treed
Lair:3:   layout_gridlike, roderic_carrion_pond, uniq_sonja
Lair:4:   layout_gridlike, elwin_shoals_entry_stream,
          nicolae_spider_entry_non_spiders, serial_bayou_pond_c,
          wad_woods_river_01
Lair:5:   cheibrodos_lair_river_kwai, layout_hall_layers,
          minmay_slime_entry_pillars, minivault_26, disabler_island

Skill      XL: |  1  2  3  4  5  6  7  8  9 10 11 12 13 |
---------------+----------------------------------------+-----
Poison Magic   | 4 5 6 7 10 12 | 12.0
Conjurations   | 2 3 7 12 | 12.7
Air Magic      | 2 3 |  3.4
Evocations     | 1 2 |  2.0
Fire Magic     | 1 8 |  8.3
Spellcasting   | 3 7 9 |  9.0
Ice Magic      | 9 10 | 10.1
Translocations | 5 |  5.3
Dodging        | |  2.0
Stealth        | |  2.6
Transmutations | |  1.0

Action                   |  1- 3 |  4- 6 |  7- 9 | 10-12 | 13-15 || total
-------------------------+-------+-------+-------+-------+-------++-------
Melee: Short sword       |    51 |    22 |       |    91 |    53 ||   217
       Constrict         |    17 |    19 |    26 |    29 |    11 ||   102
       Unarmed           |     3 |       |       |       |       ||     3
       Tentacles         |    10 |    14 |    26 |    23 |    20 ||    93
       Dagger            |       |    30 |   112 |     5 |       ||   147
 Cast: Sting             |    34 |    50 |    38 |    31 |     2 ||   155
       Mephitic Cloud    |       |     6 |    13 |    46 |    10 ||    75
       Ignite Poison     |       |     1 |    21 |   132 |    51 ||   205
       Olgreb's Toxic Ra |       |       |    17 |    94 |    53 ||   164
       Frozen Ramparts   |       |       |       |    23 |    22 ||    45
       Dazzling Flash    |       |       |       |     3 |     2 ||     5
       Fireball          |       |       |       |       |    13 ||    13
       Blink             |       |       |       |       |     6 ||     6
Evoke: Wand              |       |     3 |     3 |     5 |     1 ||    12
  Use: Potion            |       |       |     1 |       |     1 ||     2
       Scroll            |       |       |       |    13 |     1 ||    14
 Stab: Sleeping          |     5 |     3 |     5 |     5 |       ||    18
       Paralysed         |       |       |       |     2 |       ||     2
       Distracted        |       |       |       |     1 |       ||     1
  Eat: Chunk             |     2 |    10 |    15 |    30 |    16 ||    73
       Ration            |       |       |     1 |     3 |     1 ||     5
Armor: Skin              |     7 |     7 |     7 |     8 |     2 ||    31
Dodge: Dodged            |    65 |    57 |   105 |   128 |    61 ||   416
